 Dungeon Crawl Stone Soup version 0.30.1-11-g7821555f0a (webtiles) character file.

Game seed: 12398297926417246128

37 jagang the Slasher (level 3, -2/29 HPs)
             Began as a Human Monk on Dec 29, 2023.
             Slain by Natasha (3 damage)
             ... on level 2 of the Dungeon.
             The game lasted 00:01:20 (1003 turns).

jagang the Slasher (Human Monk)                     Turns: 1003, Time: 00:01:21

Health: -2/29      AC:  2    Str: 11    XL:     3   Next: 62%
Magic:  3/3        EV: 13    Int: 10    God:
Gold:   99         SH:  0    Dex: 17    Spells: 2/2 levels left

rFire   . . .        a - +0 falchion
rCold   . . .        d - orb {light}
rNeg    . . .        b - +0 robe
rPois   .            (no helmet)
rElec   .            (no cloak)
rCorr   .            (no gloves)
SInv    .            (no boots)
Will    .....        (no amulet)
Stlth   +            (no ring)
HPRegen 0.24/turn    (no ring)
MPRegen 0.08/turn

%: no passive effects
@: slowed, glowing, very slow
A: no striking features
a: no special abilities


You were on level 2 of the Dungeon.
You visited 1 branch of the dungeon, and saw 2 of its levels.

You collected 99 gold pieces.

Inventory:

Hand Weapons
 a - a +0 falchion (weapon)
Armour
 b - a +0 robe (worn)
 d - an orb of light (worn)
Scrolls
 e - a scroll of identify {unknown}
 f - a scroll of blinking {unknown}
 g - a scroll of amnesia {unknown}
 k - a scroll of enchant armour {unknown}
Potions
 c - a potion of ambrosia
 h - a potion of flight {unknown}
 i - 2 potions of attraction {unknown}
 j - 2 potions of degeneration {unknown}


   Skills:
 + Level 3.3 Fighting
 + Level 3.3 Long Blades
 + Level 1.3 Armour
 + Level 3.3 Dodging


You had 2 spell levels left.
You didn't know any spells.
Your spell library contained the following spells:

 Spells                   Type           Power      Damage    Failure   Level
 Cigotuvi's Dreadful Rot  Necr/Pois/Air  0%         N/A       50%         2
 Dispel Undead            Necr           0%         3d6       98%         4
 Death Channel            Necr           0%         N/A       100%        6


Dungeon Overview and Level Annotations

Branches:
Dungeon (2/15)

Altars:
Xom

Annotations:
D:2 Natasha


Message History

You see here a +0 dagger.
You hit Natasha.
Natasha is lightly wounded.
Natasha wildly gestures.
Natasha shimmers violently.
Natasha claws you!
The cerulean imp hits you from afar with a +2 spear.
You completely miss Natasha.
Natasha is lightly wounded.
Natasha barely misses you.
The cerulean imp hits you from afar with a +2 spear.
You hit Natasha.
Natasha is moderately wounded.
Natasha closely misses you.
The cerulean imp hits you but does no damage.
You barely miss Natasha.
Natasha is moderately wounded.
Natasha casts a spell at you.
You feel yourself slow down.
The cerulean imp hits you from afar with a +2 spear.
You hit Natasha.
Natasha is severely wounded.
Natasha claws you but does no damage.
The cerulean imp hits you from afar with a +2 spear.
Natasha barely misses you. The cerulean imp closely misses you.
You are too injured to fight recklessly!
You are too injured to fight recklessly!
You hit Natasha but do no damage.
Natasha is severely wounded.
Natasha casts a spell at you.
You feel as though you will be slow longer.
The cerulean imp hits you from afar with a +2 spear.
Natasha casts a spell at you. The magic dart hits you!
* * * LOW HITPOINT WARNING * * *
You hit Natasha.
Natasha is almost dead.
The cerulean imp hits you but does no damage.
Natasha claws you.
You die...

#.......##.#
#.......##.# ###
#.......##.#####.##
##########.........
# #.#####.## #
#.#####.# # ###
#.......# # #.#
#######)# # #.# #@#
#.# #h....# ###.#
#5###....
.##.######## #S# .#
............ ..#
....<...# #.#
#######.# #.# # #.#
#


You could see Natasha, a cerulean imp (summoned) and an adder.

Vanquished Creatures
  A worm (D:2)
  A dart slug (D:2)
  An endoplasm (D:1)
  5 giant cockroaches (D:1)
  3 goblins
  5 hobgoblins
  4 ball pythons
  2 bats (D:1)
  2 frilled lizards
  3 kobolds (D:1)
  3 rats
30 creatures vanquished.

Notes
Turn   | Place    | Note
-------+----------+-------------------------------------------
     0 | D:1      | jagang the Human Monk began the quest for the Orb.
     0 | D:1      | Reached XP level 1. HP: 18/18 MP: 1/1
   113 | D:1      | Reached XP level 2. HP: 19/24 MP: 2/2
   566 | D:1      | Reached skill level 1 in Armour
   617 | D:1      | Reached XP level 3. HP: 26/29 MP: 3/3
   867 | D:2      | Found a shimmering altar of Xom.
   992 | D:2      | Noticed Natasha
  1002 | D:2      | HP: 1/29 [Natasha/magic dart (8)]
  1003 | D:2      | Slain by Natasha

Illustrated notes

Levels and vault maps discovered:
D:1:      dpeg_arrival_rooms_with_view, layout_basic, serial_forest,
          infiniplex_forest_clump_small, infiniplex_forest_clump_double,
          infiniplex_forest_straight_2, infiniplex_forest_lined_room_2,
          infiniplex_forest_zigzag_2, infiniplex_forest_clump_curved,
          infiniplex_forest_straight_4
D:2:      layout_loops_ring, serial_co_window_serial, co_window_paths_a,
          co_window_paths_b, co_window_corner_a, co_window_cross_1,
          co_window_corner_a, co_window_of_opportunity_a,
          co_window_unsneaky_path_c, co_window_of_opportunity_b,
          co_window_paths_c, co_window_2corner, co_window_of_opportunity_b,
          glass_columns_c, glass_columns_b, glass_columns_a, basic_altar,
          shapermc_ecumenical_altar_starsandcircs, uniq_natasha

Skill      XL: |  1  2 |
---------------+-------+-----
Armour         | 1 |  1.3
Fighting       | |  3.3
Long Blades    | |  3.3
Dodging        | |  3.3

Action                     || total
---------------------------++-------
  Melee: Falchion          ||    89
 Armour: Robe              ||    17
  Dodge: Dodged            ||    65
